 Dungeon Crawl Stone Soup version 0.19-a0-1834-g6b7851e (webtiles) character file.

155 graki42 the Cudgeler (level 5, -3/54 HPs)
             Began as an Ogre Gladiator on Oct 9, 2016.
             Slain by a scorpion (8 damage)
             ... on level 4 of the Dungeon.
             The game lasted 00:07:21 (3214 turns).

graki42 the Cudgeler (Ogre Gladiator)               Turns: 3214, Time: 00:07:22

Health: -3/54      AC:  3    Str: 21    XL:     5   Next: 37%
Magic:  5/5        EV: 11    Int:  7    God:
Gold:   146        SH:  6    Dex: 10    Spells: 0 memorised, 4 levels left

rFire  . . .     SeeInvis +     j - +0 whip
rCold  . . .     Gourm    .     b - +0 robe
rNeg   . . .     Faith    .     (no shield)
rPois  +         Spirit   .     c - +0 hat
rElec  .         Dismiss  .     (no cloak)
rCorr  .         Reflect  +     (gloves unavailable)
MR     .....     Harm     .     (boots unavailable)
Stlth  +.........               l - +6 amulet of reflection
                                r - ring of see invisible
                                g - ring of poison resistance

@: lethally poisoned (-3 -> -5)
A: unfitting armour, tough skin 1
a: no special abilities


You were on level 4 of the Dungeon.
You were hungry.

You visited 1 branch of the dungeon, and saw 4 of its levels.

You collected 146 gold pieces.

Inventory:

Hand Weapons
 j - a +0 whip (weapon)
Missiles
 d - 3 throwing nets (quivered)
Armour
 b - a +0 robe (worn)
 c - a +0 hat (worn)
Jewellery
 g - a ring of poison resistance (left hand)
 l - a +6 amulet of reflection (around neck)
 r - a ring of see invisible (right hand)
Scrolls
 a - 2 scrolls of remove curse {unknown}
 e - 2 scrolls of blinking {unknown}
 h - 2 scrolls of fear {unknown}
 n - a scroll of immolation {unknown}
 o - a scroll of identify {unknown}
 p - a scroll of teleportation {unknown}
 t - a scroll of magic mapping {unknown}
Potions
 k - a potion of flight {unknown}
 m - a potion of haste {unknown}
 s - a potion of heal wounds {unknown}
 v - a potion of agility {unknown}
Comestibles
 f - 2 bread rations
 i - a slice of pizza
 q - a royal jelly


   Skills:
 + Level 3.8 Fighting
 + Level 5.9 Maces & Flails
 + Level 2.2 Throwing
 + Level 3.6 Dodging
 + Level 0.5 Stealth


You had 4 spell levels left.
You didn't know any spells.

Dungeon Overview and Level Annotations

Branches:
Dungeon (4/15)
 Temple: D:4-7

Altars:
Zin


Innate Abilities, Weirdness & Mutations

You are too large for most types of armour.
You have tough skin. (AC +1)


Message History

You completely miss the scorpion.
The scorpion is almost dead.
The scorpion barely misses you.
You barely miss the scorpion.
The scorpion is almost dead.
You hit the scorpion but do no damage.
The scorpion is almost dead.
You feel sick.
The scorpion stings you but does no damage.
You hit the scorpion but do no damage.
The scorpion is almost dead.
The scorpion stings you!
* * * LOW HITPOINT WARNING * * *
You hit the scorpion.
The scorpion is almost dead.
The scorpion misses you.
You hit the scorpion but do no damage.
The scorpion is almost dead.
The scorpion stings you!
You die...

#.#.###### ####.#.####
####....#....####
#....#######....#
##.##....#....##.#
#.#."...>#.#####.#
##.#####.#.# #†####
#..#####...#####.%..####
.......######..s@........
..............#####.####.
.....#.###### .# .....#.#
# .....#.# ..#....#
..#...## ......#####
..........#


You could see a scorpion.

Vanquished Creatures
  A hound (D:4)
  A worker ant (D:4)
  2 adders (D:2)
  An adder skeleton (D:3)
  A worm (D:2)
  A dart slug (D:2)
  4 leopard geckos
  9 orcs
  4 giant cockroaches
  10 goblins
  5 hobgoblins (D:2)
  3 jackals (D:2)
  3 kobolds
  A quokka (D:2)
  A ball python (D:2)
  3 bats (D:2)
  8 frilled lizards
  10 rats
68 creatures vanquished.

Notes
Turn   | Place    | Note
-------+----------+-------------------------------------------
     0 | D:1      | graki42 the Ogre Gladiator began the quest for the Orb.
     0 | D:1      | Reached XP level 1. HP: 22/22 MP: 1/1
   423 | D:1      | Reached XP level 2. HP: 26/29 MP: 2/2
  1069 | D:2      | Reached XP level 3. HP: 30/37 MP: 3/3
  1348 | D:2      | Noticed an angel
  1349 | D:2      | Found a glowing silver altar of Zin.
  1529 | D:2      | Reached skill level 5 in Maces & Flails
  1606 | D:2      | Reached XP level 4. HP: 22/45 MP: 4/4
  3164 | D:4      | Reached XP level 5. HP: 50/54 MP: 5/5
  3214 | D:4      | Slain by a scorpion

Vault maps used:
D:1:      elethiomel_arrival_infinity_welcomes_careful_drivers
D:2:      zin_angel
D:4:      kennysheep_little_box, first_bread

Skill      XL: |  1  2  3 |
---------------+----------+-----
Dodging        | 3 |  3.6
Fighting       | 3 |  3.8
Maces & Flails | 5 |  5.9
Throwing       | |  2.2
Stealth        | |  0.5

Action                   |  1- 3 |  4- 6 || total
-------------------------+-------+-------++-------
Melee: Flail             |    28 |       ||    28
       Whip              |    88 |   190 ||   278
  Eat: Chunk             |     2 |     5 ||     7
Armor: Robe              |    11 |    27 ||    38
Dodge: Dodged            |    33 |    64 ||    97
Block: Other             |    11 |    38 ||    49
       Reflection        |     1 |     1 ||     2
